 Dungeon Crawl Stone Soup version 0.19.1-1-g22dce08 (webtiles) character file.

6915 Angani the Grappler (level 10, 0/81 HPs)
             Began as a Mottled Draconian Transmuter on Jan 3, 2017.
             Was a Priest of Cheibriados.
             Slain by an ice devil (25 damage)
             ... on level 1 of the Lair of Beasts.
             The game lasted 00:51:47 (12604 turns).

Angani the Grappler (Mottled Draconian Transmuter) Turns: 12604, Time: 00:51:47

Health: 0/81       AC: 11    Str: 19    XL:     10   Next: 79%
Magic:  0/17       EV: 16    Int: 26    God:    Cheibriados [***...]
Gold:   606        SH:  5    Dex: 18    Spells: 5 memorised, 4 levels left

rFire  + . .     SeeInvis .       - Unarmed
rCold  x . .     Gourm    .     (armour unavailable)
rNeg   + . .     Faith    .     h - +0 buckler
rPois  .         Spirit   +     (helmet restricted)
rElec  +         Reflect  .     G - +0 cloak
rCorr  .         Harm     .     z - +2 pair of gloves
MR     .....                    (boots currently unavailable)
Stlth  ++........               s - amulet "Toenur" {Spirit rElec Int+4}
                                b - ring of fire
                                d - ring of positive energy

@: appendage, slowed, very slow
A: breathe sticky flame splash, unfitting armour, antennae 1, talons 3, mutation
resistance 1, cold-blooded, MP-powered wands, AC +7
a: Breathe Sticky Flame, End Transformation, Bend Time, Temporal Distortion,
Renounce Religion


You were on level 1 of the Lair of Beasts.
You worshipped Cheibriados.
Cheibriados was most pleased with you.
You were not hungry.
You had grown temporary talons.
You visited 3 branches of the dungeon, and saw 11 of its levels.
You also visited: Ossuary.

You collected 606 gold pieces.

Inventory:

Missiles
 o - 3 arrows (quivered)
Armour
 f - a +0 pair of boots
 h - a +0 buckler (worn)
 z - a +2 pair of gloves (worn)
 G - a +0 cloak (worn)
Jewellery
 b - a ring of fire (right hand)
 d - a ring of positive energy (left hand)
 n - an uncursed ring of flight
 s - the amulet "Toenur" (around neck) {Spirit rElec Int+4}
   (You found it on level 4 of the Dungeon)

   [amulet of guardian spirit]

   It causes incoming damage to be split between your health and magic.
   It affects your intelligence (+4).
   It insulates you from electricity.
 v - an uncursed ring of resist corrosion
Wands
 e - a wand of confusion (31/48)
 l - a wand of enslavement (9/24)
 q - a wand of confusion (20/48)
 t - a wand of iceblast (8/15)
 F - a wand of flame (22/48)
Scrolls
 g - 2 scrolls of immolation
 j - 2 scrolls of amnesia
 m - 3 scrolls of identify
 u - a scroll of fear
 x - 6 scrolls of remove curse
 y - 2 scrolls of teleportation
Potions
 a - a potion of cancellation
 i - a potion of magic
 k - 4 potions of might
 p - 2 potions of cure mutation
 B - 3 potions of lignification
 C - 2 potions of brilliance
 D - a potion of agility
 E - a potion of flight
Books
 H - a book of Minor Magic

   Spells                             Type                      Level
   a - Magic Dart                     Conjuration                  1
   b - Blink                          Translocation                2
   c - Call Imp                       Summoning                    2
   d - Repel Missiles                 Charms/Air                   2
   e - Slow                           Hexes                        2
   f - Conjure Flame                  Conjuration/Fire             3
   g - Mephitic Cloud                 Conjuration/Poison/Air       3
Comestibles
 c - 4 bread rations
 r - 6 meat rations
 A - a fruit


   Skills:
 - Level 5.0 Fighting
 - Level 5.8 Dodging
 - Level 4.3 Shields
 - Level 10.0 Unarmed Combat
 - Level 5.0 Spellcasting
 - Level 5.2 Transmutations
 + Level 5.3 Ice Magic
 - Level 5.0 Poison Magic


You had 4 spell levels left.
You knew the following spells:

 Your Spells              Type           Power        Failure   Level  Hunger
a - Beastly Appendage     Tmut           ####..       1%          1    None
b - Sticks to Snakes      Tmut           ####....     1%          2    None
c - Spider Form           Tmut/Pois      ####......   3%          3    #......
d - Ice Form              Ice/Tmut       ####....     10%         4    ###....
e - Blade Hands           Tmut           ####......   24%         5    #####..


Dungeon Overview and Level Annotations

Branches:
Dungeon (9/15)             Temple (1/1) D:7            Lair (1/6) D:9
    Orc: D:9-12

Altars:
Cheibriados
Dithmenos
Fedhas
Gozag
Hepliaklqana
Nemelex Xobeh
Qazlal
Ru
Sif Muna
Trog
Uskayaw
Vehumet
Xom
Zin
The Shining One

Shops:
D:9 }


Innate Abilities, Weirdness & Mutations

You can spit globs of burning liquid.
You can ignite nearby creatures when you spit burning liquid.
Your weird mottled scales are hard. (AC +7)
You cannot fit into any form of body armour.
You are cold-blooded and may be slowed by cold attacks.
You have a pair of small antennae on your head.
You have claws for feet.
You are somewhat resistant to further mutation.
You expend magic power (3 MP) to strengthen your wands.


Message History

The ice devil is severely wounded.
The ice devil hits you! The ice devil freezes you!
You feel a terrible chill!
You feel yourself slow down.
* * * LOW HITPOINT WARNING * * *
Unknown command.
You feel better.
Your ball python bites the ice devil but does no damage.
Your ball python constricts the ice devil.
The ice devil hits your ball python!
Your ball python dies!
Unknown command.
You hit the ice devil but do no damage.
Your tail-slap misses the ice devil.
The ice devil is severely wounded.
You feel yourself speed up. The ice devil closely misses you. x2
You hit the ice devil but do no damage. You tail-slap the ice devil.
The ice devil is severely wounded.
The ice devil hits you. The ice devil freezes you!!
You feel a terrible chill!
You feel yourself slow down.
You die...

. .. #. ### . #.
#.+ ##...
#.##.#......
#..#@4.# .##
#....### #..#
##...#
#..##....####
#.........#.#..
##............#
#.............#
###..............
.................


You could see an ice devil.

Vanquished Creatures
  A centaur warrior (D:8)
  Joseph (D:7)
  The ghost of BoredOne the Bolt Thrower, a novice CeHu of Okawaru (Ossuary)
  A komodo dragon (D:9)
  A hornet (D:9)
  A two-headed ogre (D:8)
  4 yaks (D:9)
  A shadow (D:8)
  A wyvern (D:8)
  Eustachio (D:6)
  Edmund (D:6)
  A water moccasin (Lair:1)
  A sky beast (D:5)
  2 orc warriors (D:8)
  An ice beast (D:5)
  2 necrophages
  2 phantoms
  A centaur (D:6)
  3 ogres
  A big kobold (D:9)
  Blork the orc (D:6)
  8 bullfrogs
  4 scorpions
  4 killer bees (D:8)
  A howler monkey (D:8)
  4 crimson imps
  5 hounds
  2 quasits
  2 human zombies (Ossuary)
  2 jellies
  3 centaur zombies
  4 orc priests
  2 centaur skeletons
  6 orc wizards
  7 iguanas
  5 worker ants
  2 hound zombies (D:9)
  5 mummies (Ossuary)
  A worker ant zombie (D:5)
  5 adders
  2 shadow imps
  3 oozes
  2 adder skeletons
  4 worms
  3 dart slugs (D:1)
  7 leopard geckos
  30 orcs
  8 bats
  3 giant cockroaches
  2 gnoll zombies (Ossuary)
  9 goblins
  10 hobgoblins
  6 jackals
  A quokka (D:3)
  3 ball pythons
  11 frilled lizards
  A goblin zombie (Ossuary)
  14 kobolds
  A kobold zombie (Ossuary)
  A leopard gecko zombie (D:5)
  An orc zombie (Ossuary)
  8 rats
231 creatures vanquished.

Vanquished Creatures (collateral kills)
  A phantom (D:7)
  An ogre (D:8)
  A big kobold (D:8)
  A scorpion (D:3)
  A hound (D:8)
  A mummy (Ossuary)
  An adder (D:6)
  5 orcs
  A kobold (D:8)
13 creatures vanquished.

Vanquished Creatures (others)
  A bullfrog (D:8)
  A plant (D:9)
2 creatures vanquished.

Grand Total: 246 creatures vanquished

Notes
Turn   | Place    | Note
-------+----------+-------------------------------------------
     0 | D:1      | Angani the Draconian Transmuter began the quest for the Orb.
     0 | D:1      | Reached XP level 1. HP: 16/16 MP: 3/3
   169 | D:1      | Reached XP level 2. HP: 19/23 MP: 3/5
   550 | D:1      | Reached skill level 4 in Unarmed Combat
   878 | D:1      | Reached XP level 3. HP: 28/28 MP: 4/6
  2650 | D:3      | Reached XP level 4. HP: 26/35 MP: 7/7
  2677 | D:3      | Learned a level 2 spell: Sticks to Snakes
  2728 | D:3      | Learned a level 3 spell: Spider Form
  2816 | D:3      | Reached skill level 5 in Unarmed Combat
  3135 | D:3      | Reached skill level 1 in Shields
  3360 | D:3      | Reached XP level 5. HP: 21/40 MP: 5/8
  3609 | D:4      | Got a steaming graven amulet
  3610 | D:4      | Identified the amulet "Toenur" {Spirit rElec Int+4} (You found it on level 4 of the Dungeon)
  3832 | D:4      | Noticed a phantom
  3886 | D:4      | Killed a phantom
  3886 | D:4      | Reached XP level 6. HP: 28/47 MP: 3/9
  4768 | D:4      | Your scales start taking on a weird mottled colour.
  4768 | D:4      | Reached XP level 7. HP: 38/60 MP: 6/10
  5118 | D:5      | Entered Level 5 of the Dungeon
  5169 | D:5      | Found a sand-covered staircase.
  5179 | Ossuary  | Entered an ossuary
  5215 | Ossuary  | Noticed BoredOne's ghost (novice CeHu)
  5232 | Ossuary  | Reached skill level 5 in Fighting
  5277 | Ossuary  | Killed BoredOne's ghost
  5277 | Ossuary  | Reached skill level 5 in Transmutations
  5282 | Ossuary  | Reached XP level 8. HP: 31/68 MP: 5/11
  5886 | D:5      | Gained mutation: You are somewhat resistant to further mutation. [potion of mutation]
  5886 | D:5      | Gained mutation: You expend magic power (3 MP) to strengthen your wands. [potion of mutation]
  5887 | D:5      | Gained mutation: You have a pair of small antennae on your head. [potion of mutation]
  6012 | D:5      | Found a hide-covered altar of Uskayaw.
  6413 | D:5      | Reached skill level 5 in Spellcasting
  6450 | D:5      | Reached skill level 1 in Poison Magic
  6893 | D:6      | Noticed Edmund
  6924 | D:6      | Killed Edmund
  6970 | D:6      | HP: 2/68 [orc priest/divine providence (7)]
  7142 | D:6      | Reached skill level 5 in Poison Magic
  7208 | D:6      | Noticed Eustachio
  7258 | D:6      | Killed Eustachio
  7258 | D:6      | Reached XP level 9. HP: 66/74 MP: 8/16
  7597 | D:6      | Noticed Blork the orc
  7606 | D:6      | Killed Blork the orc
  7751 | D:7      | Noticed Joseph
  8200 | D:7      | Found a sparkling altar of Nemelex Xobeh.
  8398 | D:7      | Killed Joseph
  8398 | D:7      | Reached skill level 5 in Dodging
  8647 | D:7      | Found a staircase to the Ecumenical Temple.
  8652 | Temple   | Entered the Ecumenical Temple
  8741 | Temple   | Became a worshipper of Cheibriados the Contemplative
  9255 | D:8      | Found a bloodstained altar of Trog.
  9360 | D:8      | Learned a level 4 spell: Ice Form
  9366 | D:8      | Learned a level 5 spell: Blade Hands
  9387 | D:8      | Reached skill level 6 in Unarmed Combat
  9453 | D:8      | Found a glowing silver altar of Zin.
  9491 | D:8      | Reached * piety under Cheibriados
  9491 | D:8      | Reached skill level 7 in Unarmed Combat
  9897 | D:8      | Reached XP level 10. HP: 72/81 MP: 11/17
  9934 | D:8      | Reached skill level 8 in Unarmed Combat
 10666 | D:8      | Noticed a centaur warrior
 10709 | D:8      | Killed a centaur warrior
 10709 | D:8      | Reached ** piety under Cheibriados
 10709 | D:8      | Reached skill level 9 in Unarmed Combat
 11065 | D:9      | Found a radiant altar of Vehumet.
 11065 | D:9      | Found a sacrificial altar of Ru.
 11116 | D:9      | Reached skill level 10 in Unarmed Combat
 11133 | D:9      | Reached skill level 1 in Ice Magic
 11920 | D:9      | Found Bikoatyo's Gadget Boutique.
 12060 | D:9      | Found an opulent altar of Gozag.
 12211 | D:9      | Found a staircase to the Lair.
 12286 | D:9      | Found a shadowy altar of Dithmenos.
 12293 | D:9      | Found a hazy altar of Hepliaklqana.
 12389 | Lair:1   | Entered Level 1 of the Lair of Beasts
 12530 | Lair:1   | Reached skill level 5 in Ice Magic
 12555 | Lair:1   | Reached *** piety under Cheibriados
 12604 | Lair:1   | Slain by an ice devil

Skill      XL: |  1  2  3  4  5  6  7  8  9 10 |
---------------+-------------------------------+-----
Unarmed Combat | 4 5 7 10 | 10.0
Shields        | 2 4 |  4.3
Fighting       | 4 5 |  5.0
Transmutations | 5 |  5.2
Spellcasting   | 5 |  5.0
Poison Magic   | 5 |  5.0
Dodging        | 2 5 |  5.8
Ice Magic      | 5 |  5.3

Action                   |  1- 3 |  4- 6 |  7- 9 | 10-12 || total
-------------------------+-------+-------+-------+-------++-------
Melee: Unarmed           |   154 |   204 |   607 |   219 ||  1184
       Headbutt          |     7 |    17 |     3 |       ||    27
       Tailslap          |    10 |    21 |    71 |    26 ||   128
       Kick              |     9 |    30 |   121 |    57 ||   217
       Punch             |     1 |     2 |       |       ||     3
 Cast: Beastly Appendage |    13 |    20 |    46 |    18 ||    97
       Sticks to Snakes  |       |     7 |    26 |    20 ||    53
       Spider Form       |       |       |     5 |       ||     5
       Blade Hands       |       |       |       |     1 ||     1
 Abil: Evoke Flight      |     1 |       |       |       ||     1
       Breathe Sticky Fl |       |       |     5 |     5 ||    10
  Use: Potion            |       |     2 |    11 |     1 ||    14
       Scroll            |       |       |    19 |     2 ||    21
 Stab: Sleeping          |     4 |     1 |       |       ||     5
       Distracted        |       |       |     3 |     4 ||     7
  Eat: Chunk             |     5 |     8 |    13 |     6 ||    32
       Royal jelly       |       |       |     1 |       ||     1
       Pizza             |       |       |     2 |       ||     2
Armor: Skin              |    42 |    32 |   170 |    48 ||   292
Dodge: Dodged            |   102 |    86 |   359 |   128 ||   675
Block: Buckler           |       |    15 |   110 |    49 ||   174
